 Dungeon Crawl Stone Soup version 0.27.1-3-gb3d3a73c9e (webtiles) character file.

Game seed: 15899753836553097428

616 MisterFreud the Fighter (level 7, -6/68 HPs)
             Began as a Minotaur Abyssal Knight on Oct 29, 2021.
             Was a Priest of Lugonu.
             Mangled by a two-headed ogre (19 damage)
             ... on level 5 of the Dungeon.
             The game lasted 00:05:55 (4090 turns).

MisterFreud the Fighter (Minotaur Abyssal Knight)   Turns: 4090, Time: 00:05:55

Health: -6/68      AC:  3    Str: 19    XL:     7   Next: 21%
Magic:  7/7        EV: 11    Int:  9    God:    Lugonu [***...]
Gold:   113        SH:  0    Dex:  9    Spells: 6/6 levels left

rFire    . . .     SeeInvis .   a - +1 falchion
rCold    . . .     Faith    .   (no shield)
rNeg     . . .     Spirit   .   b - +0 leather armour
rPois    .         Reflect  .   (helmet restricted)
rElec    .         Harm     .   (no cloak)
rCorr    .         Rampage  .   (no gloves)
Will     .....                  (no boots)
Stlth    +.........             (no amulet)
HPRegen  0.21/turn              (no ring)
MPRegen  0.10/turn              (no ring)

@: no status effects
A: horns 2, retaliatory headbutt
a: Renounce Religion, Depart the Abyss, Bend Space, Banish


You were on level 5 of the Dungeon.
You worshipped Lugonu.
Lugonu was most pleased with you.
You visited 1 branch of the dungeon, and saw 5 of its levels.
You visited the Abyss 1 time.

You collected 113 gold pieces.

Inventory:

Hand Weapons
 a - a +1 falchion (weapon)
Armour
 b - a +0 leather armour (worn)
Jewellery
 k - a ring of willpower
Scrolls
 e - 4 scrolls of identify
 g - 2 scrolls of teleportation
 h - a scroll of fear {unknown}
 i - a scroll of vulnerability {unknown}
 j - a scroll of holy word {unknown}
 l - a scroll of amnesia {unknown}
 n - 2 scrolls of magic mapping {unknown}
 o - 3 scrolls of silence {unknown}
Potions
 c - 2 potions of haste {unknown}
 d - a potion of attraction {unknown}
 f - a potion of mutation {unknown}
 m - a potion of heal wounds {unknown}


   Skills:
 - Level 8.0 Fighting
 + Level 6.5 Long Blades
 - Level 2.4 Armour
 - Level 1.1 Dodging
 - Level 1.7 Invocations


You had 6 spell levels left.
You didn't know any spells.
Your spell library contained the following spells:

 Spells                   Type           Power      Damage    Failure   Level
 Fulminant Prism          Conj/Hex       0%         3d6       99%         4
 Iskenderun's Mystic Bla  Conj/Tloc      0%         2d3       99%         4
 Lee's Rapid Deconstruct  Erth           0%         3d5*      100%        5


Dungeon Overview and Level Annotations

Branches:
Dungeon (5/15)             Temple (0/1) D:4

Altars:
Ashenzari
Dithmenos
Kikubaaqudgha
Makhleb
Uskayaw

Shops:
D:1 [   D:2 *

Annotations:
D:4 2 transporters


Innate Abilities, Weirdness & Mutations

You have a pair of horns on your head.
You reflexively headbutt those who attack you in melee.


Message History

There is a stone staircase leading down here.
The two-headed ogre closely misses you.
The two-headed ogre hits you with a +0 giant spiked club!!
You climb downwards.
There is a stone staircase leading up, spattered with blood here.
Things that are here:
a +0 robe; a +0 mace; the orc skeleton of Blork the orc
Things that are here:
a +0 club; a gnoll skeleton
Things that are here:
a +0 halberd; a gnoll skeleton
Found a scroll labelled RERONG QUCECSOD.
You see here a +0 halberd.
Things that are here:
a +0 halberd; a gnoll skeleton
Things that are here:
a +0 club; a gnoll skeleton
Things that are here:
a +0 robe; a +0 mace; the orc skeleton of Blork the orc
There is a stone staircase leading up, spattered with blood here.
Found 12 gold pieces.
An orc priest comes into view. It is wielding a +0 hand axe.
The orc priest invokes the aid of Beogh against you.
Beogh smites you!
A hound skeleton comes into view.
The orc priest mumbles some strange prayers to Beogh against you.
Beogh smites you!
You hear a shout!
An orc comes into view. It is wielding a +0 trident.
Found a fuming coppery potion.
Found a stone staircase leading up.
The orc priest calls down the wrath of Beogh upon you.
Beogh smites you!
You see here a fuming coppery potion.
As you read the scroll labelled PES UVVAESH, it crumbles to dust.
It is a scroll of identify.
g - 2 scrolls of teleportation The two-headed ogre hits you with a +0 giant spiked club!
* * * LOW HITPOINT WARNING * * *
The two-headed ogre hits you with a +0 giant spiked club!!
You die...

#.......≈..≈.#
#........≈≈..#
##............#
#.........$....
########.#####..#.####
#<.Z.o...# #....#
##!######## ####.#
#..oZO.# #.# #.####@#
#.# #. #.# #.#### #.
#.# #..<[) #+ ###
###### .. ..#. ## ..
##. ..


You could see a two-headed ogre, an orc priest and a hound skeleton.

Vanquished Creatures
  Sigmund (D:2)
  Blork the orc (D:5)
  A gnoll sergeant (D:5)
  3 hounds (D:4)
  An iguana (D:3)
  3 hound skeletons
  7 gnolls
  An adder (D:2)
  An ufetubus (D:4)
  An adder skeleton (D:4)
  A dart slug (D:2)
  6 orcs
  8 endoplasms
  2 giant cockroaches
  12 goblins
  6 hobgoblins
  9 jackals
  5 quokkas
  4 ball pythons
  7 bats
  5 kobolds
  5 rats
90 creatures vanquished.

Notes
Turn   | Place    | Note
-------+----------+-------------------------------------------
     0 | Abyss:1  | MisterFreud the Minotaur Abyssal Knight began the quest for
                  | the Orb.
     0 | Abyss:1  | Reached XP level 1. HP: 19/19 MP: 1/1
    12 | D:1      | Escaped the Abyss
   106 | D:1      | Found Ehaoph's Antique Armour Boutique.
   189 | D:1      | Reached skill level 4 in Fighting
   286 | D:1      | Reached XP level 2. HP: 28/28 MP: 2/2
   298 | D:1      | Found a faded altar of an unknown god.
   511 | D:2      | Reached ** piety under Lugonu
   582 | D:2      | Reached skill level 5 in Fighting
   614 | D:2      | Reached XP level 3. HP: 36/36 MP: 3/3
  1005 | D:2      | Found Naahown's General Store.
  1278 | D:2      | Noticed Sigmund
  1288 | D:2      | Killed Sigmund
  1289 | D:2      | Reached skill level 7 in Fighting
  1289 | D:2      | Reached XP level 4. HP: 25/48 MP: 4/4
  1289 | D:2      | Reached XP level 5. HP: 28/53 MP: 5/5
  1848 | D:2      | Reached skill level 8 in Fighting
  2251 | D:3      | Reached XP level 6. HP: 61/61 MP: 6/6
  2599 | D:3      | Found a hide-covered altar of Uskayaw.
  2646 | D:3      | Reached *** piety under Lugonu
  2843 | D:4      | Found an ancient bone altar of Kikubaaqudgha.
  2857 | D:4      | Found a broken altar of Ashenzari.
  2888 | D:4      | Found a staircase to the Ecumenical Temple.
  3221 | D:4      | Found a shadowy altar of Dithmenos.
  3266 | D:4      | Found a burning altar of Makhleb.
  3418 | D:4      | Found a transporter.
  3423 | D:4      | Found a transporter.
  3486 | D:4      | Noticed Blork the orc
  3517 | D:5      | Entered Level 5 of the Dungeon
  3520 | D:5      | Killed Blork the orc
  3521 | D:5      | Reached skill level 5 in Long Blades
  3527 | D:5      | Reached XP level 7. HP: 29/68 MP: 7/7
  3530 | D:5      | HP: 2/102 [gnoll (9)]
  4034 | D:4      | Noticed a two-headed ogre
  4090 | D:5      | Mangled by a two-headed ogre

Illustrated notes

Levels and vault maps discovered:
D:1:      saegor_arrival_simple_c, layout_rooms, basic_ecumenical_altar,
          serial_shops, nicolae_diamond_shop, nrook_campfire
D:2:      layout_basic, serial_shops, nicolae_shop_crystal, st_stairs_9,
          uniq_sigmund
D:3:      layout_basic, mainiacjoe_overflow_six_doors_small
D:4:      layout_cave_pods, mainiacjoe_overflow_boulevard,
          kennysheep_little_box, mainiacjoe_overflow_catch_the_wave,
          lemuel_doored_altar, minmay_temple_entry_waves,
          gammafunk_ghost_stat_death, minmay_joined_circles, uniq_blork_the_orc
D:5:      cheibrodos_helix_gallery, layout_loops_ring,
          kennysheep_cross_bottleneck, kennysheep_generic_room_5

Skill      XL: |  1  2  3  4  5  6  7 |
---------------+----------------------+-----
Fighting       | 4 5 7 8 |  8.0
Long Blades    | 3 5 6 |  6.5
Armour         | |  2.4
Dodging        | |  1.1
Invocations    | |  1.7

Action                   |  1- 3 |  4- 6 |  7- 9 || total
-------------------------+-------+-------+-------++-------
Melee: Falchion          |    72 |    92 |    27 ||   191
       Headbutt          |    12 |    19 |     6 ||    37
  Use: Potion            |       |     2 |       ||     2
       Scroll            |       |       |     1 ||     1
Armor: Leather armour    |    14 |    25 |     7 ||    46
Dodge: Dodged            |    45 |    69 |    22 ||   136
       Rpst.: Falchion   |    11 |    17 |     6 ||    34
